[Event "CZE-ch Youth G10-G12-G14 2022"]
[Site "Luhacovice"]
[Date "2022.03.19"]
[Round "9.23"]
[White "Vaclavkova Klara"]
[Black "Maresova Denisa"]
[Result "1-0"]
[ECO "D43"]
[WhiteElo "1000"]
[BlackElo "1103"]
[Annotator "NA"]
[PlyCount "47"]
[EventDate "2022.03.12"]
[EventType "swiss"]
[EventCountry "CZE"]
[SourceTitle "playchess.com"]
[Source "ChessBase"]
[SourceQuality "1"]
[TimeControl "40/5400+30:1800+30"]

1. d4 e6 2. Nf3 d5 3. c4 c6 4. Bf4 Nf6 5. Nc3 Bd6 6. Bg3 O-O 7. e3 Bxg3 8. hxg3 Re8 9. Bd3 dxc4 10. Bxc4 Nbd7 11. Ne5 Nxe5 12. dxe5 Qxd1+ 13. Rxd1 b6 14. exf6 Bb7 15. Rd7 Rab8 16. Ne4 Red8 17. Re7 c5 18. Ng5 h6 19. Nxf7 Rdc8 20. Bxe6 Kf8 21. Bxc8 Bxc8 22. Rxa7 Bb7 23. Nd6 gxf6 24. Nxb7 1-0

[Event "CZE-ch Youth G10-G12-G14 2022"]
[Site "Luhacovice"]
[Date "2022.03.19"]
[Round "9.24"]
[White "Archlebova Eva"]
[Black "Souralova, Alena"]
[Result "1-0"]
[ECO "C50"]
[WhiteElo "1040"]
[BlackElo "1010"]
[Annotator "NA"]
[PlyCount "85"]
[EventDate "2022.03.12"]
[EventType "swiss"]
[EventCountry "CZE"]
[SourceTitle "playchess.com"]
[Source "ChessBase"]
[SourceQuality "1"]
[TimeControl "40/5400+30:1800+30"]

1. e4 e5 2. Nf3 Nc6 3. Nc3 Nf6 4. Bc4 Bc5 5. d3 d6 6. Bg5 Be6 7. O-O h6 8. Be3 Bb6 9. h3 Qd7 10. Bb5 O-O-O 11. Qe2 g5 12. Rad1 Rdg8 13. d4 exd4 14. Bxd4 Bxd4 15. Nxd4 g4 16. Nxe6 fxe6 17. e5 Nd5 18. Nxd5 exd5 19. Rxd5 gxh3 20. g3 h5 21. e6 Qg7 22. Bxc6 bxc6 23. Qa6+ Kd8 24. Qxc6 h4 25. Re1 h2+ 26. Kh1 Ke7 27. Kxh2 hxg3+ 28. Kg1 gxf2+ 29. Kxf2 Qg3+ 30. Ke2 Rh2+ 31. Kd1 Qf3+ 32. Kc1 Rgg2 33. Qd7+ Kf8 34. Rd3 Rxc2+ 35. Kb1 Rxb2+ 36. Ka1 Rxa2+ 37. Kb1 Qb7+ 38. Kc1 Qb1+ 39. Kxb1 Rab2+ 40. Kc1 Rhc2+ 41. Kd1 Rb1+ 42. Kxc2 Rxe1 43. Qf7# 1-0

[Event "CZE-ch Youth G10-G12-G14 2022"]
[Site "Luhacovice"]
[Date "2022.03.19"]
[Round "9.25"]
[White "Pruskova, Justyna"]
[Black "Mojzisova Barbora"]
[Result "1-0"]
[ECO "C28"]
[WhiteElo "1003"]
[BlackElo "1089"]
[Annotator "NA"]
[PlyCount "69"]
[EventDate "2022.03.12"]
[EventType "swiss"]
[EventCountry "CZE"]
[SourceTitle "playchess.com"]
[Source "ChessBase"]
[SourceQuality "1"]
[TimeControl "40/5400+30:1800+30"]

1. e4 e5 2. Nf3 Nc6 3. Bc4 Bb4 4. Nc3 Nf6 5. d3 d6 6. Bb5 Bd7 7. O-O O-O 8. Bg5 h6 9. Bh4 a6 10. Ba4 Bc5 11. Nd5 g5 12. Nxf6+ Qxf6 13. Bg3 h5 14. h3 Kg7 15. Qd2 g4 16. Nh4 Rh8 17. Kh1 gxh3 18. gxh3 Bxh3 19. Rg1 Kf8 20. Bxc6 bxc6 21. b4 Bb6 22. c4 Bd4 23. Rab1 Rb8 24. c5 Ke7 25. Kh2 Bg4 26. Rgf1 Bf3 27. cxd6+ cxd6 28. Nf5+ Ke6 29. Bh4 Qg6 30. Rg1 Bg4 31. Rg2 Qh7 32. Qg5 Rb7 33. Qf6+ Kd7 34. Qe7+ Kc8 35. Nxd6+ 1-0

[Event "CZE-ch Youth G10-G12-G14 2022"]
[Site "Luhacovice"]
[Date "2022.03.19"]
[Round "9.26"]
[White "Rezacova Julie"]
[Black "Zezulova Sara"]
[Result "1-0"]
[ECO "C47"]
[WhiteElo "1063"]
[BlackElo "1000"]
[Annotator "NA"]
[PlyCount "77"]
[EventDate "2022.03.12"]
[EventType "swiss"]
[EventCountry "CZE"]
[SourceTitle "playchess.com"]
[Source "ChessBase"]
[SourceQuality "1"]
[TimeControl "40/5400+30:1800+30"]

1. e4 e5 2. Nf3 Nc6 3. Nc3 Nf6 4. d3 Bc5 5. Bg5 d6 6. Be2 Be6 7. O-O Qd7 8. Bxf6 gxf6 9. Nd5 Bxd5 10. exd5 Nd4 11. Nxd4 Bxd4 12. c3 Bb6 13. d4 O-O-O 14. dxe5 fxe5 15. Bg4 f5 16. Bh3 Kb8 17. b4 Rhf8 18. a4 a5 19. bxa5 Bxa5 20. Qb3 Rde8 21. Rab1 Qc8 22. c4 Bb6 23. Qa2 Re7 24. a5 Ba7 25. a6 c5 26. Rb3 Rff7 27. f3 h5 28. Ra1 Rd7 29. Qb1 h4 30. Bxf5 Rxf5 31. Qxf5 b6 32. Rf1 Rd8 33. Qxc8+ Rxc8 34. f4 Kc7 35. f5 e4 36. g3 hxg3 37. hxg3 Rg8 38. f6 Rf8 39. Re3 1-0

[Event "CZE-ch Youth G10-G12-G14 2022"]
[Site "Luhacovice"]
[Date "2022.03.19"]
[Round "9.27"]
[White "Kubickova Linda"]
[Black "Martinkovicova Nela"]
[Result "0-1"]
[ECO "C27"]
[WhiteElo "1000"]
[BlackElo "1032"]
[Annotator "NA"]
[PlyCount "70"]
[EventDate "2022.03.12"]
[EventType "swiss"]
[EventCountry "CZE"]
[SourceTitle "playchess.com"]
[Source "ChessBase"]
[SourceQuality "1"]
[TimeControl "40/5400+30:1800+30"]

1. e4 e5 2. Nc3 Bc5 3. Nf3 Nf6 4. Bc4 d6 5. O-O Bg4 6. h3 Bh5 7. g4 Nxg4 8. hxg4 Bxg4 9. Be2 Nc6 10. Nh2 Bh3 11. Re1 Qg5+ 12. Bg4 h5 13. d4 Qg6 14. dxc5 hxg4 15. Ne2 Nd4 16. Ng3 Nf3+ 17. Nxf3 gxf3 18. Qxf3 Bg4 19. Qg2 O-O-O 20. f3 Bh3 21. Qf2 dxc5 22. Be3 b6 23. Rad1 Rxd1 24. Rxd1 Kb7 25. f4 exf4 26. Bxf4 Rh4 27. e5 Rg4 28. Kh2 Rh4 29. Qf3+ Qc6 30. Qxc6+ Kxc6 31. Kg1 Rxf4 32. Kh2 Be6 33. b3 Rf2+ 34. Kg1 Rxc2 35. a3 Bxb3 0-1

[Event "CZE-ch Youth G10-G12-G14 2022"]
[Site "Luhacovice"]
[Date "2022.03.19"]
[Round "9.28"]
[White "Spetlova Stella"]
[Black "Archlebova Iva"]
[Result "0-1"]
[ECO "C45"]
[WhiteElo "1000"]
[BlackElo "1028"]
[Annotator "NA"]
[PlyCount "82"]
[EventDate "2022.03.12"]
[EventType "swiss"]
[EventCountry "CZE"]
[SourceTitle "playchess.com"]
[Source "ChessBase"]
[SourceQuality "1"]
[TimeControl "40/5400+30:1800+30"]

1. e4 e5 2. Nf3 Nc6 3. d4 exd4 4. Nxd4 Bc5 5. Nb3 Bb6 6. Nc3 Nf6 7. Bg5 h6 8. Bh4 d6 9. Bb5 O-O 10. Nd5 g5 11. Nxf6+ Qxf6 12. Bg3 Re8 13. f3 Qxb2 14. Bf2 Qc3+ 15. Qd2 Qxd2+ 16. Nxd2 Ba5 17. Be3 Re5 18. Bd3 Nb4 19. O-O Nxd3 20. cxd3 b5 21. f4 gxf4 22. Bxf4 Bb6+ 23. Kh1 Rh5 24. Rf3 Kh7 25. h3 Be6 26. Nf1 Rg8 27. Ng3 Rh4 28. Raf1 Bg4 29. R3f2 Bxf2 30. Rxf2 Be6 31. Kg1 Bxa2 32. Nf5 Rxh3 33. Kf1 Rh1+ 34. Ke2 Be6 35. Ng3 Bg4+ 36. Ke3 Re1+ 37. Kd2 Rb1 38. Ke3 a5 39. Ra2 a4 40. Ne2 Bxe2 41. Kxe2 Rxg2+ 0-1

[Event "CZE-ch Youth G10-G12-G14 2022"]
[Site "Luhacovice"]
[Date "2022.03.19"]
[Round "9.29"]
[White "Rybackova, Lucie"]
[Black "Zadrapova, Amalie"]
[Result "1-0"]
[ECO "D13"]
[WhiteElo "1612"]
[BlackElo "1582"]
[Annotator "NA"]
[PlyCount "57"]
[EventDate "2022.03.12"]
[EventType "swiss"]
[EventCountry "CZE"]
[SourceTitle "playchess.com"]
[Source "ChessBase"]
[SourceQuality "1"]
[TimeControl "40/5400+30:1800+30"]

1. d4 d5 2. c4 c6 3. cxd5 cxd5 4. Nc3 Nf6 5. Bf4 Nc6 6. e3 e6 7. Nf3 Nh5 8. Bg3 Nxg3 9. hxg3 Bd7 10. Bd3 g6 11. a3 Rc8 12. Rc1 Na5 13. Ne5 Bg7 14. Qg4 f5 15. Qf4 Nc6 16. Nxc6 Rxc6 17. g4 h6 18. Ke2 a6 19. Na2 Kf7 20. Rxc6 Bxc6 21. Nb4 Bd7 22. gxf5 gxf5 23. Rc1 a5 24. Na2 Bc6 25. b4 axb4 26. Nxb4 Qb6 27. Nxc6 bxc6 28. Qd6 Rc8 29. Qd7+ 1-0

[Event "CZE-ch Youth G10-G12-G14 2022"]
[Site "Luhacovice"]
[Date "2022.03.19"]
[Round "9.30"]
[White "Brezikova, Beata"]
[Black "Barteckova, Denisa"]
[Result "0-1"]
[ECO "B11"]
[WhiteElo "1266"]
[BlackElo "1323"]
[Annotator "NA"]
[PlyCount "68"]
[EventDate "2022.03.12"]
[EventType "swiss"]
[EventCountry "CZE"]
[SourceTitle "playchess.com"]
[Source "ChessBase"]
[SourceQuality "1"]
[TimeControl "40/5400+30:1800+30"]

1. e4 c6 2. Nc3 d5 3. Nf3 Bg4 4. h3 Bxf3 5. Qxf3 Nf6 6. exd5 cxd5 7. d4 e6 8. Ne2 Nc6 9. c3 Qb6 10. Ng3 Rc8 11. Bd3 Bd6 12. Nh5 Nxh5 13. Qxh5 g6 14. Qh6 Bf8 15. Qg5 Bg7 16. O-O O-O 17. h4 Rfe8 18. h5 e5 19. hxg6 fxg6 20. dxe5 Rxe5 21. Qg3 Rce8 22. Bf4 R5e7 23. Rab1 Be5 24. Bxe5 Nxe5 25. Qg5 Qa5 26. Bc2 Qxa2 27. Rfd1 Qc4 28. f4 Qe2 29. Bb3 Ng4 30. Qxd5+ Kg7 31. Qd4+ Kh6 32. g3 Re3 33. Rd2 Rxg3+ 34. Kh1 Qf3+ 0-1

[Event "CZE-ch Youth G10-G12-G14 2022"]
[Site "Luhacovice"]
[Date "2022.03.19"]
[Round "9.31"]
[White "Janouskova, Adela"]
[Black "Dobsa, Emma"]
[Result "0-1"]
[ECO "C49"]
[WhiteElo "1585"]
[BlackElo "1425"]
[Annotator "NA"]
[PlyCount "111"]
[EventDate "2022.03.12"]
[EventType "swiss"]
[EventCountry "CZE"]
[SourceTitle "playchess.com"]
[Source "ChessBase"]
[SourceQuality "1"]
[TimeControl "40/5400+30:1800+30"]

1. e4 e5 2. Nf3 Nc6 3. Nc3 Nf6 4. Bb5 Bb4 5. O-O O-O 6. d3 d6 7. Bg5 Bxc3 8. bxc3 Qe7 9. Rb1 Nd8 10. Re1 Ne6 11. Bc1 c6 12. Bc4 b5 13. Bb3 h6 14. d4 Rd8 15. c4 bxc4 16. Bxc4 Nxd4 17. Nxd4 exd4 18. Qxd4 d5 19. Bb3 dxe4 20. Qc3 Qd6 21. Ba3 Qc7 22. Bb2 Bf5 23. Re3 Rd7 24. Rg3 Qd8 25. h3 Rd1+ 26. Rxd1 Qxd1+ 27. Kh2 Qd6 28. Ba3 Qc7 29. Kg1 Rd8 30. Kf1 Kh7 31. Bb2 Bg6 32. h4 Rd1+ 33. Ke2 Bh5+ 34. f3 Qxg3 35. Kxd1 Qxg2 36. Qe3 Qxf3+ 37. Qxf3 Bxf3+ 38. Kd2 Kg6 39. Bd4 a6 40. Bc4 a5 41. a4 Nd7 42. Bb3 f5 43. Ke3 Nf6 44. Bb6 Ng4+ 45. Kd2 e3+ 46. Ke1 f4 47. Bxa5 Be4 48. Bb6 f3 49. Bc4 f2+ 50. Kd1 Bg2 51. a5 f1=Q+ 52. Bxf1 Bxf1 53. Bd4 Bb5 54. Ke1 e2 55. c3 Nh2 56. Bf2 0-1

[Event "CZE-ch Youth G10-G12-G14 2022"]
[Site "Luhacovice"]
[Date "2022.03.19"]
[Round "9.32"]
[White "Hetfleischova, Elen"]
[Black "Sikorova, Jana"]
[Result "0-1"]
[ECO "B28"]
[WhiteElo "1363"]
[BlackElo "1427"]
[Annotator "NA"]
[PlyCount "69"]
[EventDate "2022.03.12"]
[EventType "swiss"]
[EventCountry "CZE"]
[SourceTitle "playchess.com"]
[Source "ChessBase"]
[SourceQuality "1"]
[TimeControl "40/5400+30:1800+30"]

1. e4 c5 2. Nf3 a6 3. d4 cxd4 4. Nxd4 Nf6 5. Nc3 e5 6. Nb3 Bb4 7. Qf3 d6 8. Bg5 Bxc3+ 9. bxc3 Nbd7 10. Rd1 Qc7 11. c4 Qc6 12. Bd3 b6 13. O-O O-O 14. Rfe1 Bb7 15. Rd2 Rac8 16. Rde2 Rfe8 17. Qg3 Re6 18. Qh3 Nc5 19. f4 Nfd7 20. f5 Ree8 21. f6 Ne6 22. Be3 Nxf6 23. Bd2 a5 24. c3 Ba6 25. Rf2 Bxc4 26. Bc2 Nc5 27. Qh4 Nd3 28. Bxd3 Bxd3 29. Rxf6 gxf6 30. Qg3+ Kh8 31. Bh6 Rg8 32. Qxd3 Qxc3 33. Qf1 f5 34. Re3 Qb2 35. Qxf5 0-1

[Event "CZE-ch Youth G10-G12-G14 2022"]
[Site "Luhacovice"]
[Date "2022.03.19"]
[Round "9.33"]
[White "Cinkova, Vicky"]
[Black "Dorazilova, Kristyna"]
[Result "0-1"]
[ECO "A45"]
[WhiteElo "1317"]
[BlackElo "1240"]
[Annotator "NA"]
[PlyCount "68"]
[EventDate "2022.03.12"]
[EventType "swiss"]
[EventCountry "CZE"]
[SourceTitle "playchess.com"]
[Source "ChessBase"]
[SourceQuality "1"]
[TimeControl "40/5400+30:1800+30"]

1. d4 Nf6 2. Bg5 e6 3. e3 b6 4. f4 Bb7 5. Nf3 h6 6. Bh4 Be7 7. Bd3 O-O 8. c3 d5 9. Bc2 c5 10. Ne5 Nbd7 11. O-O c4 12. Rf3 b5 13. Rg3 Kh8 14. Bg5 a5 15. Nxd7 Qxd7 16. Bxf6 Bxf6 17. Qh5 Be7 18. Qg4 Rg8 19. Qh5 f5 20. Rg6 Kh7 21. Rxe6 g6 22. Bxf5 Qxe6 23. Bxe6 gxh5 24. Bxg8+ Rxg8 25. Nd2 Bc8 26. Nf3 Bh3 27. g3 h4 28. Kf2 hxg3+ 29. hxg3 Bg4 30. Ne5 Bd8 31. Rh1 Be6 32. Kf3 Bc7 33. Nc6 Rg7 34. Rh5 Bg4+ 0-1

[Event "CZE-ch Youth G10-G12-G14 2022"]
[Site "Luhacovice"]
[Date "2022.03.19"]
[Round "9.34"]
[White "Dominikova, Denisa"]
[Black "Kaplanova, Dominika"]
[Result "1/2-1/2"]
[ECO "B13"]
[WhiteElo "1254"]
[BlackElo "1269"]
[Annotator "NA"]
[PlyCount "61"]
[EventDate "2022.03.12"]
[EventType "swiss"]
[EventCountry "CZE"]
[SourceTitle "playchess.com"]
[Source "ChessBase"]
[SourceQuality "1"]
[TimeControl "40/5400+30:1800+30"]

1. e4 c6 2. d4 d5 3. exd5 cxd5 4. c4 Nf6 5. Nc3 Nc6 6. Nf3 Bg4 7. Be3 e6 8. c5 Be7 9. Be2 O-O 10. O-O b6 11. Qa4 Bxf3 12. Bxf3 Qd7 13. b4 bxc5 14. bxc5 Rfb8 15. Rab1 Rxb1 16. Rxb1 Rb8 17. Rxb8+ Nxb8 18. Qxd7 Nfxd7 19. Be2 a6 20. Kf1 Kf8 21. Ke1 Ke8 22. Kd2 Kd8 23. Kc2 Kc7 24. f4 Kb7 25. Kb3 Bf6 26. Ka4 Nc6 27. Bd3 Nxd4 28. Bxh7 Nxc5+ 29. Kb4 Kb6 30. Na4+ Nxa4 31. Kxa4 1/2-1/2

[Event "CZE-ch Youth G10-G12-G14 2022"]
[Site "Luhacovice"]
[Date "2022.03.19"]
[Round "9.35"]
[White "Mikesova, Lenka"]
[Black "Kavanova, Anezka"]
[Result "1/2-1/2"]
[ECO "B76"]
[WhiteElo "1364"]
[BlackElo "1089"]
[Annotator "NA"]
[PlyCount "98"]
[EventDate "2022.03.12"]
[EventType "swiss"]
[EventCountry "CZE"]
[SourceTitle "playchess.com"]
[Source "ChessBase"]
[SourceQuality "1"]
[TimeControl "40/5400+30:1800+30"]

1. e4 c5 2. Nf3 d6 3. d4 cxd4 4. Nxd4 Nf6 5. Nc3 g6 6. Be3 Bg7 7. f3 O-O 8. Qd2 Nc6 9. O-O-O Be6 10. h4 Qa5 11. Nxe6 fxe6 12. Bc4 Kf7 13. g4 Ne5 14. Be2 Rac8 15. h5 Nc4 16. Bxc4 Rxc4 17. hxg6+ hxg6 18. Bh6 Rg8 19. Bxg7 Rxg7 20. Qe2 b5 21. f4 Qb4 22. f5 Rc5 23. g5 Ng8 24. fxg6+ Ke8 25. Rh7 Rxg6 26. e5 Qf4+ 27. Kb1 Rxe5 28. Qg2 d5 29. Qg1 Re3 30. Qh1 a6 31. Nxd5 exd5 32. Qxd5 Rd6 33. Qxg8+ Qf8 34. Qxf8+ Kxf8 35. Kc1 Rxd1+ 36. Kxd1 Re6 37. Rh6 Kf7 38. Kd2 Rxh6 39. gxh6 Kg6 40. a4 Kxh6 41. axb5 axb5 42. b4 Kg7 43. c4 Kf6 44. c5 Ke6 45. Ke3 Ke5 46. Kd3 Kd5 47. Ke3 Ke5 48. Kd3 Kd5 49. Ke3 Ke5 1/2-1/2

[Event "CZE-ch Youth G10-G12-G14 2022"]
[Site "Luhacovice"]
[Date "2022.03.19"]
[Round "9.36"]
[White "Stavova, Marketa"]
[Black "Archlebova, Stela"]
[Result "1/2-1/2"]
[ECO "C54"]
[WhiteElo "1146"]
[BlackElo "1121"]
[Annotator "NA"]
[PlyCount "69"]
[EventDate "2022.03.12"]
[EventType "swiss"]
[EventCountry "CZE"]
[SourceTitle "playchess.com"]
[Source "ChessBase"]
[SourceQuality "1"]
[TimeControl "40/5400+30:1800+30"]

1. e4 e5 2. Nf3 Nc6 3. Bc4 Bc5 4. d3 h6 5. O-O Nf6 6. c3 Na5 7. Nxe5 Nxc4 8. Nxc4 d5 9. exd5 Nxd5 10. d4 Be7 11. Qf3 O-O 12. Ne3 Nf6 13. Nd2 Rb8 14. Re1 b6 15. Ndc4 Bb7 16. Qe2 Re8 17. Qc2 Bd6 18. Nxd6 Qxd6 19. Bd2 Qc6 20. f3 Rbd8 21. Nf5 Rxe1+ 22. Rxe1 Kf8 23. Qc1 Ng8 24. c4 Qg6 25. Nh4 Qf6 26. d5 Qd4+ 27. Kh1 Nf6 28. Nf5 Qd3 29. Ng3 c6 30. Re3 Qg6 31. dxc6 Bxc6 32. Bb4+ Kg8 33. Ne2 Qg5 34. Bd2 Qg6 35. Ng3 1/2-1/2

[Event "CZE-ch Youth G10-G12-G14 2022"]
[Site "Luhacovice"]
[Date "2022.03.19"]
[Round "9.37"]
[White "Lipovska Viktorie"]
[Black "Reznickova, Sibyla"]
[Result "0-1"]
[ECO "C50"]
[WhiteElo "1189"]
[BlackElo "1304"]
[Annotator "NA"]
[PlyCount "80"]
[EventDate "2022.03.12"]
[EventType "swiss"]
[EventCountry "CZE"]
[SourceTitle "playchess.com"]
[Source "ChessBase"]
[SourceQuality "1"]
[TimeControl "40/5400+30:1800+30"]

1. e4 e5 2. Nf3 Nc6 3. Bc4 Bc5 4. d3 d6 5. h3 Nf6 6. Nc3 Be6 7. Nd5 h6 8. Be3 Bb6 9. Qd2 O-O 10. O-O-O Na5 11. Nxb6 axb6 12. Bxe6 fxe6 13. d4 Nxe4 14. Qd3 d5 15. Nxe5 Nxf2 16. Bxf2 Rxf2 17. Qg3 Qg5+ 18. Qxg5 hxg5 19. g3 c5 20. Nd7 Rc8 21. Nxb6 Rc6 22. dxc5 Rxc5 23. Rd2 Rf3 24. b4 Rb5 25. bxa5 Ra3 26. Rd3 Rxa2 27. Kd2 Raxa5 28. Rb3 Rxb3 29. cxb3 Rb5 30. Kc3 Rxb6 31. Re1 Kf7 32. Rf1+ Kg6 33. Re1 Kf7 34. Rf1+ Ke7 35. Re1 Kd6 36. Rf1 Rc6+ 37. Kb4 d4 38. Rf8 e5 39. Rd8+ Ke6 40. Re8+ Kd5 0-1

[Event "CZE-ch Youth G10-G12-G14 2022"]
[Site "Luhacovice"]
[Date "2022.03.19"]
[Round "9.38"]
[White "Myskova, Veronika"]
[Black "Foldynova Julie"]
[Result "1-0"]
[ECO "D02"]
[WhiteElo "1117"]
[BlackElo "1000"]
[Annotator "NA"]
[PlyCount "65"]
[EventDate "2022.03.12"]
[EventType "swiss"]
[EventCountry "CZE"]
[SourceTitle "playchess.com"]
[Source "ChessBase"]
[SourceQuality "1"]
[TimeControl "40/5400+30:1800+30"]

1. d4 d5 2. Bf4 Nc6 3. Nf3 Bg4 4. e3 a6 5. Nbd2 Nf6 6. c4 e6 7. Be2 Be7 8. O-O O-O 9. h3 Bf5 10. a3 Nh5 11. Bh2 Be4 12. Nxe4 dxe4 13. Nd2 Nf6 14. b4 b5 15. cxb5 axb5 16. Bxb5 Nb8 17. Bc4 Bd6 18. Bxd6 cxd6 19. b5 d5 20. Bb3 Nbd7 21. a4 Qc7 22. Qc2 Rfc8 23. Qxc7 Rxc7 24. Rfb1 Rb7 25. Bd1 Nb6 26. a5 Nc4 27. Nxc4 dxc4 28. a6 Rba7 29. b6 Rxa6 30. Rxa6 Rxa6 31. b7 Nd7 32. b8=Q+ Nxb8 33. Rxb8# 1-0

[Event "CZE-ch Youth G10-G12-G14 2022"]
[Site "Luhacovice"]
[Date "2022.03.19"]
[Round "9.39"]
[White "Svrchokrylova, Ludmila"]
[Black "Vacekova Anita"]
[Result "0-1"]
[ECO "C30"]
[WhiteElo "1024"]
[BlackElo "1000"]
[Annotator "NA"]
[PlyCount "56"]
[EventDate "2022.03.12"]
[EventType "swiss"]
[EventCountry "CZE"]
[SourceTitle "playchess.com"]
[Source "ChessBase"]
[SourceQuality "1"]
[TimeControl "40/5400+30:1800+30"]

1. e4 e5 2. f4 d6 3. Nf3 Nd7 4. Bc4 Be7 5. d4 exd4 6. Nxd4 Ngf6 7. Nc3 Nb6 8. Bd3 O-O 9. Be3 Bd7 10. Qd2 c5 11. Nf3 d5 12. exd5 Bg4 13. h3 Bxf3 14. gxf3 Nbxd5 15. Rg1 Nxe3 16. Qxe3 Qc7 17. O-O-O c4 18. Bf5 Bc5 19. Qe5 Qxe5 20. fxe5 Bxg1 21. Rxg1 Nh5 22. Ne2 Rfe8 23. f4 g6 24. c3 Ng7 25. Be4 Re7 26. Bd5 Rc8 27. Nd4 a6 28. Nf3 Rd7 0-1

[Event "CZE-ch Youth G10-G12-G14 2022"]
[Site "Luhacovice"]
[Date "2022.03.19"]
[Round "9.40"]
[White "Dufkova, Tereza"]
[Black "Lackova, Ludmila"]
[Result "0-1"]
[ECO "C50"]
[WhiteElo "1014"]
[BlackElo "1167"]
[Annotator "NA"]
[PlyCount "80"]
[EventDate "2022.03.12"]
[EventType "swiss"]
[EventCountry "CZE"]
[SourceTitle "playchess.com"]
[Source "ChessBase"]
[SourceQuality "1"]
[TimeControl "40/5400+30:1800+30"]

1. e4 e5 2. Bc4 Nf6 3. Nf3 Nc6 4. Nc3 Bc5 5. O-O d6 6. h3 Be6 7. Bb3 Nd4 8. d3 a6 9. Be3 Nxb3 10. axb3 Ba7 11. d4 exd4 12. Nxd4 Qd7 13. b4 c6 14. Qf3 O-O 15. Nf5 Bxf5 16. exf5 d5 17. Bg5 Qd6 18. Ra4 Bb8 19. g3 b5 20. Raa1 h6 21. Bxf6 Qxf6 22. h4 Re8 23. Rfe1 Rxe1+ 24. Rxe1 Bd6 25. Qh5 Bxb4 26. g4 Bxc3 27. bxc3 Qxc3 28. Re7 Qf6 29. Rb7 a5 30. g5 hxg5 31. hxg5 Qxf5 32. Re7 Qg6 33. Qg4 Qxc2 34. Qf4 Qg6 35. Rc7 Qe6 36. Qc1 Rc8 37. Ra7 a4 38. Qf4 Qe1+ 39. Kg2 Qe4+ 40. Kg3 Qxf4+ 0-1

[Event "CZE-ch Youth G10-G12-G14 2022"]
[Site "Luhacovice"]
[Date "2022.03.19"]
[Round "9.41"]
[White "Filipova, Vanesa"]
[Black "Zilava Lucie"]
[Result "1/2-1/2"]
[ECO "D02"]
[WhiteElo "1146"]
[BlackElo "1059"]
[Annotator "NA"]
[PlyCount "64"]
[EventDate "2022.03.12"]
[EventType "swiss"]
[EventCountry "CZE"]
[SourceTitle "playchess.com"]
[Source "ChessBase"]
[SourceQuality "1"]
[TimeControl "40/5400+30:1800+30"]

1. d4 d5 2. Bf4 Bf5 3. e3 e6 4. Nf3 Nf6 5. c3 Nc6 6. Nbd2 Bd6 7. Bg3 Bxg3 8. hxg3 Qd7 9. Bb5 Qd6 10. Ne5 a6 11. Qa4 O-O 12. Bxc6 bxc6 13. Qxc6 Qxc6 14. Nxc6 Rfe8 15. Nf3 Nd7 16. Kd2 a5 17. Nce5 Nxe5 18. Nxe5 f6 19. Nf3 e5 20. g4 Bxg4 21. Rh4 Bf5 22. dxe5 fxe5 23. Rah1 Re7 24. Rh5 g6 25. Rh6 c5 26. Ng5 Raa7 27. R6h4 Rad7 28. Ke2 d4 29. Rd1 d3+ 30. Ke1 d2+ 31. Rxd2 Rxd2 32. Kxd2 Rd7+ 1/2-1/2

[Event "CZE-ch Youth G10-G12-G14 2022"]
[Site "Luhacovice"]
[Date "2022.03.19"]
[Round "9.42"]
[White "Urvalkova Ema"]
[Black "Koval, Anna"]
[Result "0-1"]
[ECO "C44"]
[WhiteElo "1000"]
[BlackElo "1278"]
[Annotator "NA"]
[PlyCount "102"]
[EventDate "2022.03.12"]
[EventType "swiss"]
[EventCountry "CZE"]
[SourceTitle "playchess.com"]
[Source "ChessBase"]
[SourceQuality "1"]
[TimeControl "40/5400+30:1800+30"]

1. e4 e5 2. Nf3 Nc6 3. d4 exd4 4. Bc4 Bc5 5. c3 dxc3 6. Bxf7+ Kxf7 7. Qd5+ Ke8 8. Qh5+ Kf8 9. Qxc5+ d6 10. Qxc3 Nf6 11. Qc4 Qe8 12. Nbd2 Be6 13. Qa4 Bd5 14. O-O Be6 15. b3 Qg6 16. h3 Bxh3 17. Nh4 Qg4 18. e5 Nxe5 19. Qxg4 Bxg4 20. Ba3 g5 21. Nhf3 Nxf3+ 22. Nxf3 h6 23. Rfe1 Re8 24. Rxe8+ Kxe8 25. Re1+ Kd7 26. Rd1 Ne4 27. Ne5+ Kc8 28. Nxg4 Nc3 29. Bb2 Nxd1 30. Bxh8 b5 31. Ne3 Nxe3 32. fxe3 c5 33. Bg7 h5 34. e4 a5 35. Bf8 Kc7 36. Kh2 c4 37. bxc4 bxc4 38. Bg7 Kc6 39. Bc3 Kb5 40. Kg3 Ka4 41. Kf3 Ka3 42. Bxa5 Kxa2 43. Ke2 Kb3 44. Kd1 c3 45. Bc7 Kb2 46. Bxd6 c2+ 47. Ke2 c1=Q 48. e5 Qc4+ 49. Ke3 Kc2 50. Be7 Qf4+ 51. Ke2 Qxe5+ 0-1